 Dungeon Crawl Stone Soup version 0.32-a0-571-gec57dfcd37 (webtiles) character file.

Game seed: 4915678186302357513

62 CowFu the Firebug (level 3, -4/26 HPs)
             Began as a Mountain Dwarf Fire Elementalist on Mar 1, 2024.
             Slain by a gnoll
             ... wielding a +0 club
              (8 damage)
             ... on level 2 of the Dungeon.
             The game lasted 00:03:14 (2044 turns).

CowFu the Firebug (MDFE)                            Turns: 2044, Time: 00:03:14

Health: -4/26      AC:  2    Str: 10    XL:     3   Next: 85%
Magic:  1/5        EV:  6    Int: 17    God:
Gold:   85         SH:  0    Dex: 10    Spells: 2/5 levels left

rFire   . . .        h - +4 short sword
rCold   . . .        (no shield)
rNeg    . . .        a - +0 robe
rPois   .            (no helmet)
rElec   .            (no cloak)
rCorr   .            (no gloves)
SInv    .            (no boots)
Will    .....        (no amulet)
Stlth   ++           (no ring)
HPRegen 0.24/turn    (no ring)
MPRegen 0.09/turn

%: no passive effects
@: held
A: runic magic, artefact enchanting
a: no special abilities


You were on level 2 of the Dungeon.
You visited 1 branch of the dungeon, and saw 2 of its levels.

You collected 85 gold pieces.

Inventory:

Hand Weapons
 h - a +4 short sword (weapon)
Armour
 a - a +0 robe (worn)
Scrolls
 c - 2 scrolls of identify {unknown}
 e - a scroll of revelation {unknown}
 f - a scroll of poison {unknown}
 g - 2 scrolls of teleportation {unknown}
Potions
 b - a potion of magic
 d - 2 potions of curing {unknown}


   Skills:
 - Level 1.3 Dodging
 - Level 1.4 Stealth
 - Level 1.7 Spellcasting
 - Level 0.8 Conjurations
 + Level 5.8 Fire Magic


You had 2 spell levels left.
You knew the following spells:

 Your Spells              Type           Power      Damage    Failure   Level
a - Foxfire               Conj/Fire      48%        2x1d6     4%          1
b - Scorch                Fire           42%        2d6       2%          2

Your spell library contained the following spells:

 Spells                   Type           Power      Damage    Failure   Level
 Inner Flame              Hex/Fire       11%        N/A       19%         3
 Volatile Blastmotes      Fire/Tloc      22%        2d11      19%         3
 Flame Wave               Conj/Fire      12%        2d6       45%         4


Dungeon Overview and Level Annotations

Branches:
Dungeon (2/15)

Altars:


Innate Abilities, Weirdness & Mutations

Your spellcasting is much less encumbered by armour.
You can use scrolls of enchantment on lesser artefacts.


Message History

You hit the goblin.
You kill the goblin!
Casting: Scorch (safe; 3% risk of failure)
Confirm with . or Enter, or press ? or * to list all spells.
You don't have enough magic to cast this spell.
Casting: Scorch (safe; 3% risk of failure)
Confirm with . or Enter, or press ? or * to list all spells.
You don't have enough magic to cast this spell.
Casting: Scorch (safe; 3% risk of failure)
Confirm with . or Enter, or press ? or * to list all spells.
You don't have enough magic to cast this spell.
A gnoll comes into view.
It is wielding a +0 club and quivering a throwing net.
The gnoll hits you with a +0 club! The gnoll attacks as it pursues you!
The gnoll hits you with a +0 club. The gnoll attacks as it pursues you!
The gnoll hits you with a +0 club.
* * * LOW HITPOINT WARNING * * *
Casting: Scorch (safe; 3% risk of failure)
Confirm with . or Enter, or press ? or * to list all spells.
You conjure some foxfire!
The gnoll shouts!
The gnoll misses you.
The foxfire hits the gnoll.
The gnoll is lightly wounded.
The foxfire hits the gnoll.
The gnoll is heavily wounded.
The gnoll attacks as it pursues you! The gnoll closely misses you.
Casting: Foxfire (safe; 5% risk of failure)
Confirm with . or Enter, or press ? or * to list all spells.
You don't have enough magic to cast this spell.
You hit the gnoll.
You kill the gnoll!
The gnoll throws a throwing net.
The throwing net hits you.
You become entangled in the net!
You tear a large gash into the net.
You shred the net and break free!
The gnoll throws a throwing net.
The throwing net hits you.
You become entangled in the net!
You struggle against the net.
The gnoll hits you with a +0 club.
* * * LOW HITPOINT WARNING * * *
You struggle against the net.
The gnoll hits you with a +0 club!
You die...

#.######.......# #.#
#.....########## #.#
#####.# #.# ###.####
#######.#
#......#####.......#
#.#.##........#...>#
#.#.##.####..###...#
# #......[#...#g..##
#.####.##....)@g#.#
#.[....####..####.#
######............#
##############


You could see 2 gnolls.

Vanquished Creatures
  2 gnolls (D:2)
  3 ball pythons (D:1)
  8 bats
  6 endoplasms
  A giant cockroach (D:1)
  3 goblins (D:2)
  A hobgoblin (D:1)
  3 quokkas (D:1)
  4 frilled lizards (D:1)
  6 kobolds
  7 rats
44 creatures vanquished.

Vanquished Creatures (others)
  108 foxfires
108 creatures vanquished.

Grand Total: 152 creatures vanquished

Notes
Turn   | Place    | Note
-------+----------+-------------------------------------------
     0 | D:1      | CowFu the Mountain Dwarf Fire Elementalist began the quest
                  | for the Orb.
     0 | D:1      | Reached XP level 1. HP: 14/14 MP: 3/3
   141 | D:1      | Reached skill level 4 in Fire Magic
   335 | D:1      | Reached XP level 2. HP: 20/20 MP: 0/4
   898 | D:1      | Learned a level 2 spell: Scorch
  1040 | D:1      | Reached skill level 5 in Fire Magic
  1282 | D:1      | Reached XP level 3. HP: 16/26 MP: 1/5
  2044 | D:2      | Slain by a gnoll

Illustrated notes

Levels and vault maps discovered:
D:1:      arrival_zaba_pyramid, layout_basic, st_stairs_11,
          kennysheep_minor_cross, minmay_indecisive_spiral
D:2:      layout_loops_cross, hangedman_decor_clover_reticule,
          uniq_crazy_yiuf_cottage, uniq_natasha

Skill      XL: |  1  2 |
---------------+-------+-----
Fire Magic     | 4 5 |  5.8
Dodging        | |  1.3
Stealth        | |  1.4
Spellcasting   | |  1.7
Conjurations   | |  0.8

Action                     || total
---------------------------++-------
  Melee: Short sword       ||    22
         Unarmed           ||     7
   Cast: Foxfire           ||    68
         Scorch            ||    12
   Stab: Sleeping          ||     1
 Armour: Robe              ||    36
  Dodge: Dodged            ||    33

Table legend: (Time is in decaauts)
 A = Elapsed time spent in this place.
 B = Non-inter-level travel time spent in this place.
 C = Inter-level travel time spent in this place.
 D = Time resting spent in this place.
 E = Time spent auto-exploring this place.
 F = Levels seen in this place.
 G = Mean time per level.
                   A        B        C        D        E       F      G
               +--------+--------+--------+--------+--------+-----+--------+
         Total |   2042 |   2014 |     28 |      0 |   1714 |   2 | 1021.0 |
       Dungeon |   2042 |   2014 |     28 |      0 |   1714 |   2 | 1021.0 |
               +--------+--------+--------+--------+--------+-----+--------+

Top non-repeatable levels by time:
     D:1: 1746 daAuts
     D:2: 296 daAuts
